 Dungeon Crawl Stone Soup version 0.18.1-50-g88ac8fd (webtiles) character file.

153 Gargoyl the Skirmisher (level 5, -1/42 HPs)
             Began as a Demonspawn Abyssal Knight on Oct 9, 2016.
             Was a Believer of Lugonu.
             Succumbed to Suttyogo's ghost's poison
             ... on level 2 of the Dungeon.
             The game lasted 00:05:19 (3205 turns).

Gargoyl the Skirmisher (Demonspawn Abyssal Knight)  Turns: 3205, Time: 00:05:20

Health: -1/42      AC: 15    Str: 13    XL:     5   Next: 12%
Magic:  7/7        EV:  4    Int: 13    God:    Lugonu [**....]
Gold:   132        SH:  0    Dex: 13    Spells: 0 memorised, 4 levels left

rFire  . . .     SeeInvis .     a - +1 hand axe
rCold  . . .     Gourm    .     k - +1 plate armour
rNeg   . . .     Faith    .     (no shield)
rPois  .         Spirit   .     b - +0 helmet
rElec  .         Dismiss  .     (no cloak)
rCorr  .         Reflect  .     (no gloves)
SustAt .         Harm     .     (no boots)
MR     .....     Clarity  +     (no amulet)
Stlth  ..........               (no ring)
                                (no ring)

@: lethally poisoned (-1 -> -24), exhausted, flying, slowed, very slow, not
resistant to hostile enchantments, extremely unstealthy
A: yellow scales 1, clarity, regeneration 1, subdued magic 1
a: Depart the Abyss, Bend Space, Renounce Religion


You were on level 2 of the Dungeon.
You worshipped Lugonu.
Lugonu was pleased with you.
You were hungry.

You visited 1 branch of the dungeon, and saw 3 of its levels.
You visited the Abyss 1 time.

You collected 132 gold pieces.

Inventory:

Hand Weapons
 a - a +1 hand axe (weapon)
Armour
 b - a +0 helmet (worn)
 k - a +1 plate armour (worn)
Jewellery
 t - an uncursed ring of see invisible {unknown}
Wands
 n - a wand of paralysis (7/24)
Potions
 d - 2 potions of mutation
 f - a potion of magic {unknown}
 j - 2 potions of flight
 l - a potion of degeneration {unknown}
 m - a potion of haste {unknown}
Books
 r - a book of the Warp

   Spells                             Type                      Level
   a - Recall                         Summoning/Translocation      3
   b - Gell's Gravitas                Hexes/Translocation          3
   c - Force Lance                    Conjuration/Translocation    4
   d - Warp Weapon                    Charms/Translocation         5
   e - Summon Forest                  Summoning/Translocation      5
Miscellaneous
 g - a lamp of fire
Comestibles
 c - 2 bread rations
 h - a chunk of flesh
 i - a slice of pizza
 o - a meat ration
 v - a beef jerky


   Skills:
 + Level 3.9 Fighting
 + Level 2.0 Axes
 * Level 3.5 Armour
 + Level 1.4 Dodging
 * Level 3.4 Invocations


You had 4 spell levels left.
You didn't know any spells.

Dungeon Overview and Level Annotations

Branches:
Dungeon (3/15)

Altars:
Ashenzari

Annotations:
D:3 Suttyogo's ghost, amateur TrFi


Innate Abilities, Weirdness & Mutations

You are partially covered in yellow scales (AC +2).
You possess an exceptional clarity of mind.
Your natural rate of healing is unusually fast.
Your spells are a little easier to cast, but a little less powerful.


Message History

Drink which item? (? for menu, Esc to quit)
It was a potion of berserk rage.
A red film seems to cover your vision as you go berserk!
You feel yourself moving faster!
You feel mighty!
* * * LOW HITPOINT WARNING * * *
You feel very sick.
You are too berserk!
You feel a strong urge to attack something.
* * * LOW HITPOINT WARNING * * *
You feel sick.
* * * LOW HITPOINT WARNING * * *
You feel sick.
You feel your anger subside.
* * * LOW HITPOINT WARNING * * *
You feel sick.
You are no longer berserk.
You are exhausted.
You feel yourself slow down.
You are feeling hungry.
You die...

.###########........#........#...
.......)............###..###.#...
..........##........###...##.....
###..####.............(....####..
##.## ####..[......##.[...##...
#...### ##........###.#.....##
#.....## ##<......# #..##.#.##
#......############# #...#...#.
#.........>...@..#####.........
#.......#..).....#.........#...
#.......#........#.#.........#.
##.....##..........#...........
#.......#........###.รท.......##
#.......#........# #<........#
#.......########## #.........#
##.....## #.........# ##...##
###########


There were no monsters in sight!

Vanquished Creatures
  5 adders (D:2)
  2 oozes (D:2)
  5 dart slugs
  A giant gecko (D:1)
  5 orcs (D:3)
  5 bats
  5 giant cockroaches (D:2)
  7 hobgoblins
  12 jackals
  A quokka (D:2)
  4 giant newts
  9 goblins
  8 kobolds
  7 rats
76 creatures vanquished.

Vanquished Creatures (collateral kills)
  A goblin (D:1)
  A hobgoblin (D:1)
  A jackal (D:1)
3 creatures vanquished.

Grand Total: 79 creatures vanquished

Notes
Turn   | Place    | Note
--------------------------------------------------------------
     0 | Abyss:1  | Gargoyl the Demonspawn Abyssal Knight began the quest for the Orb.
     0 | Abyss:1  | Reached XP level 1. HP: 18/18 MP: 2/2
    48 | Abyss:1  | Noticed a quasit
    48 | Abyss:1  | Noticed a large abomination
   159 | Abyss:2  | Noticed an iron imp
   159 | D:1      | Escaped the Abyss
   209 | D:1      | Reached skill level 1 in Dodging
   254 | D:1      | Reached * piety under Lugonu
   254 | D:1      | Gained mutation: You are partially covered in yellow scales (AC +2). [demonic ancestry]
   254 | D:1      | Reached XP level 2. HP: 4/24 MP: 3/3
   578 | D:1      | Found a shattered altar of Ashenzari.
   660 | D:1      | Reached XP level 3. HP: 24/29 MP: 4/4
  1328 | D:2      | Reached ** piety under Lugonu
  1519 | D:2      | Reached XP level 4. HP: 29/37 MP: 6/6
  2955 | D:3      | Reached XP level 5. HP: 42/42 MP: 7/7
  3065 | D:3      | Noticed Suttyogo's ghost (amateur TrFi)
  3199 | D:2      | Gained mutation: Your natural rate of healing is unusually fast. [potion of mutation]
  3199 | D:2      | Gained mutation: Your spells are a little easier to cast, but a little less powerful. [potion of mutation]
  3199 | D:2      | Gained mutation: You possess an exceptional clarity of mind. [potion of mutation]
  3203 | D:2      | HP: 3/63 [poisoned by Suttyogo's ghost]
  3204 | D:2      | HP: 1/63 [poisoned by Suttyogo's ghost]
  3205 | D:2      | Succumbed to Suttyogo's ghost's poison

Skill      XL: |  1  2  3  4 |
---------------+-------------+-----
Dodging        | 1 |  1.4
Armour         | 2 3 |  3.5
Axes           | 2 |  2.0
Invocations    | 3 |  3.4
Fighting       | |  3.9

Action                   |  1- 3 |  4- 6 || total
-------------------------+-------+-------++-------
Melee: Hand axe          |   137 |   143 ||   280
Invok: Depart the Abyss  |     1 |       ||     1
Evoke: Lamp of fire      |     1 |       ||     1
  Use: Scroll            |     2 |     7 ||     9
       Potion            |     1 |     3 ||     4
  Eat: Chunk             |     2 |     6 ||     8
Armor: Leather armour    |    30 |       ||    30
       Plate armour      |    84 |   172 ||   256
Dodge: Dodged            |    59 |    32 ||    91
